 Dungeon Crawl Stone Soup version 0.31-a0-542-gdc2a67831c (webtiles) character file.

Game seed: 12343022157354481880

104 JackS81 the Changeling (level 4, -5/18 (20) HPs)
             Began as a Merfolk Shapeshifter on Aug 14, 2023.
             Slain by a gnoll bouda
             ... wielding a +0 club
              (11 damage)
             ... on level 3 of the Dungeon.
             The game lasted 00:06:02 (1995 turns).

JackS81 the Changeling (Merfolk Shapeshifter)       Turns: 1995, Time: 00:06:05

HP:   -5/18 (20)    AC:  0    Str: 17    XL:     4   Next: 80%
MP:   4/4           EV: 12    Int:  7    God:
Gold: 151           SH:  0    Dex: 14    Spells: 2/3 levels left

rFire   . .          .
                       - Unarmed
rCold   . . .        (no shield)
rNeg    . . .        a - melded +0 animal skin
rPois   .            (no helmet)
rElec   .            (no cloak)
rCorr   .            (no gloves)
SInv    .            (no boots)
Will    .....        (no amulet)
Stlth   +            (no ring)
HPRegen 0.23/turn    (no ring)
MPRegen 0.09/turn

%: no passive effects
@: maw-form, heavily drained
A: devouring maw, reduced hp, (nimble swimmer 2), mertail
a: Begin Untransformation


You were on level 3 of the Dungeon.
You were a creature with a mouth for a stomach.
You visited 1 branch of the dungeon, and saw 3 of its levels.

You collected 151 gold pieces.

Inventory:

Missiles
 f - 54 stones
Armour
 a - a +0 animal skin (melded)
 r - a +0 buckler
Jewellery
 w - an amulet of regeneration
Talismans
 c - a beast talisman
 d - a flux talisman
 p - a maw talisman (active)
Scrolls
 e - 3 scrolls of enchant weapon {unknown}
 h - 2 scrolls of torment {unknown}
 k - 2 scrolls of identify {unknown}
 l - a scroll of summoning {unknown}
 n - a scroll of fog {unknown}
 q - 2 scrolls of silence {unknown}
 s - a scroll of acquirement {unknown}
 u - a scroll of teleportation {unknown}
Potions
 b - a potion of lignification
 g - a potion of magic {unknown}
 i - 2 potions of haste {unknown}
 j - a potion of mutation {unknown}
 m - a potion of curing {unknown}
 o - a potion of ambrosia {unknown}
 t - a potion of berserk rage {unknown}
 v - 2 potions of heal wounds {unknown}


   Skills:
 - Level 1.1 Fighting
 - Level 2.6 Dodging
 + Level 4.4 Unarmed Combat
 + Level 0.1 Necromancy
 * Level 5.5 Shapeshifting


You had 2 spell levels left.
You knew the following spells:

 Your Spells              Type           Power      Damage    Failure   Level
a - Necrotise             Necr           0%         1d4       41%         1

Your spell library contained the following spells:

 Spells                   Type           Power      Damage    Failure   Level
 Apportation              Tloc           0%         N/A       43%         1
 Summon Small Mammal      Summ           0%         N/A       43%         1
 Poisonous Vapours        Pois/Air       0%         N/A       56%         2
 Mephitic Cloud           Conj/Pois/Air  0%         N/A       80%         3
 Freezing Cloud           Conj/Ice/Air   0%         6-21      100%        5


Dungeon Overview and Level Annotations

Branches:
Dungeon (3/15)

Altars:


Innate Abilities, Weirdness & Mutations

You are a creature with a mouth for a stomach.
Your midsection houses a second, enormous mouth.
Your maximum health is decreased, since you lack skill for your form.
((You are very nimble when in or above water. (Stealth+, EV+, Speed+++)))
Your lower body shifts to a powerful aquatic tail in water.


Message History

A frilled lizard comes into view.
Found 13 gold pieces.
The frilled lizard barely misses you.
You barely miss the frilled lizard. You closely miss the frilled lizard.
You bite the frilled lizard.
You devour the frilled lizard!
You feel better.
You kill the frilled lizard!
A kobold comes into view. It is wielding a +0 dagger.
The kobold shouts!
You see here 13 gold pieces.
You now have 151 gold pieces (gained 13).
The kobold completely misses you.
You punch the kobold!
You kill the kobold!
Things that are here:
a +0 dagger; a kobold corpse
Found a mace.
Found two stone staircases leading down.
There is a stone staircase leading down here.
There is a stone staircase leading down here.
A gnoll bouda comes into view.
It is wielding a +0 club. 2 gnolls come into view.
The gnoll bouda barks out a call to the hunt!
The gnolls pick up the pace!
You hear a shout!
The gnoll bouda gazes fiercely through you!
You feel your attacks grow feeble.
You hear a shout! x2
Your attacks no longer feel as feeble.
Okay, then.
The gnoll bouda hits you with a +0 club!
Ouch! That really hurt!
A gnoll comes into view. It is wielding a +0 whip.
The gnoll shouts!
You hit the gnoll bouda.
The gnoll bouda is moderately wounded.
You hear a shout!
The gnoll bouda hits you with a +0 club!
Ouch! That really hurt!
You die...

#.####....######.#
#.....##.
#.............##.#
###.####.
...###..######.##.#
##...###. ##.#.#
#.##.# ###........
##.###.#####.##..
.##....#### ##<##
#......### ##.##.#.# #
#.## ##.......#
##.#...... # ##.#
##.######.###g....PPPP
#..###.##
##W##.##....P..
#.#.#.#######..g.##
#.P.... #.
#...........##.#
.P.P.. #.
#.#########.# #.#


P.gP. #.##.# #.# #g# .PP.g #..#.# #.# #.. P.Pg .###.#.# #.# .#..... .......# #..
. . ####.### ### . You could see a gnoll bouda and a gnoll (swift).

Vanquished Creatures
  Jessica (D:3)
  Robin (D:3)
  A gnoll (D:1)
  A worm (D:2)
  4 ball pythons
  3 bats (D:1)
  6 endoplasms
  A giant cockroach (D:1)
  7 goblins
  8 hobgoblins
  2 jackals (D:2)
  5 frilled lizards
  6 kobolds
  4 rats
50 creatures vanquished.

Notes
Turn   | Place    | Note
-------+----------+-------------------------------------------
     0 | D:1      | JackS81 the Merfolk Shapeshifter began the quest for the
                  | Orb.
     0 | D:1      | Reached XP level 1. HP: 15/15 MP: 1/1
    16 | D:1      | You fall into a shaft and drop 1 floor!
   134 | D:1      | Reached XP level 2. HP: 9/21 MP: 2/2
   400 | D:1      | Reached XP level 3. HP: 25/26 MP: 3/3
   403 | D:1      | Learned a level 1 spell: Necrotise
   674 | D:1      | Reached skill level 5 in Shapeshifting
  1680 | D:3      | Noticed Jessica
  1682 | D:3      | Killed Jessica
  1683 | D:3      | Reached XP level 4. HP: 20/32 MP: 4/4
  1716 | D:3      | Noticed Robin
  1735 | D:3      | Killed Robin
  1995 | D:3      | Slain by a gnoll bouda

Illustrated notes

Levels and vault maps discovered:
D:1:      elethiomel_arrival_shortcut, layout_basic,
          chequers_serial_rivers_micro_e, minmay_heptomino_o4
D:2:      minmay_alternating_diamond, layout_loops_cross
D:3:      layout_loops_ring, roderic_batcave, nicolae_grassy_gnolls, uniq_robin,
          uniq_jessica

Skill      XL: |  1  2  3 |
---------------+----------+-----
Shapeshifting  | 5 |  5.5
Unarmed Combat | 4 |  4.4
Fighting       | |  1.1
Dodging        | |  2.6
Necromancy     | |  0.1

Action                     |  1- 3 |  4- 6 || total
---------------------------+-------+-------++-------
  Melee: Unarmed           |    76 |    36 ||   112
         Tailslap          |     2 |       ||     2
         Punch             |     2 |       ||     2
         Maw               |     2 |     5 ||     7
   Cast: Necrotise         |     4 |       ||     4
    Use: Potion            |       |     1 ||     1
   Stab: Sleeping          |     4 |       ||     4
 Armour: Animal skin       |     5 |       ||     5
         Skin              |       |    16 ||    16
  Dodge: Dodged            |    48 |    10 ||    58
   Form: Maw               |     1 |       ||     1

Table legend: (Time is in decaauts)
 A = Elapsed time spent in this place.
 B = Non-inter-level travel time spent in this place.
 C = Inter-level travel time spent in this place.
 D = Time resting spent in this place.
 E = Time spent auto-exploring this place.
 F = Levels seen in this place.
 G = Mean time per level.
                   A        B        C        D        E       F      G
               +--------+--------+--------+--------+--------+-----+--------+
         Total |   1982 |   1957 |     25 |     74 |   1504 |   3 |  660.7 |
       Dungeon |   1982 |   1957 |     25 |     74 |   1504 |   3 |  660.7 |
               +--------+--------+--------+--------+--------+-----+--------+

Top non-repeatable levels by time:
     D:1: 949 daAuts
     D:2: 620 daAuts
     D:3: 413 daAuts
